 Dungeon Crawl Stone Soup version 0.24.1 (webtiles) character file.

Game seed: 4897096162697247624, levelgen mode: deterministic

3 Descartes the Sneak (level 1, 0/7 HPs)
             Began as a Felid Air Elementalist on Mar 23, 2020.
             Slain by a hobgoblin
             ... wielding a +0 club
              (5 damage)
             ... on level 1 of the Dungeon.
             The game lasted 00:00:28 (95 turns).

Descartes the Sneak (Felid Air Elementalist)          Turns: 95, Time: 00:00:29

Health: 0/7        AC:  1    Str:  4    XL:     1   Next: 41%
Magic:  4/4        EV: 18    Int: 16    God:
Gold:   0          SH:  0    Dex: 16    Spells: 3/4 levels left
                                        Lives:  0   Deaths: 0

rFire    . . .     SeeInvis +   (weapon unavailable)
rCold    . . .     Gourm    .   (shield unavailable)
rNeg     . . .     Faith    .   (armour unavailable)
rPois    .         Spirit   .   (helmet unavailable)
rElec    .         Reflect  .   (cloak unavailable)
rCorr    .         Harm     .   (gloves unavailable)
MR       .....                  (boots unavailable)
Stlth    +++.......             (no amulet)
HPRegen  0.02/turn              (no ring)
MPRegen  0.09/turn              (no ring)

@: quick
A: very small, no armour, no weapons or thrown items, stealth, claws 1, fangs 3,
see invisible, carnivore, speed 1, shaggy fur 1, slow metabolism 1, sharp paws
a: no special abilities


You were on level 1 of the Dungeon.
You were full.

You visited 1 branch of the dungeon, and saw 1 of its levels.

Inventory:

Missiles
 a - 26 arrows
Comestibles
 b - a ration


   Skills:
 + Level 2.7 Dodging
 * Level 2.8 Stealth
 * Level 0.2 Unarmed Combat
 + Level 2.0 Spellcasting
 + Level 1.0 Conjurations
 + Level 2.7 Air Magic


You had 3 spell levels left.
You knew the following spells:

 Your Spells              Type           Power        Failure   Level  Hunger
a - Shock                 Conj/Air       #...         10%         1    #......

Your spell library contained the following spells:

 Spells                   Type           Power        Failure   Level  Hunger
 Swiftness                Chrm/Air       #.......     19%         2    ###....
 Static Discharge         Conj/Air       #.......     28%         3    ###....
 Airstrike                Air            ##........   56%         4    #####..
 Lightning Bolt           Conj/Air       #.........   95%         5    ######.


Dungeon Overview and Level Annotations

Branches:
Dungeon (1/15)

Altars:


Innate Abilities, Weirdness & Mutations

You cannot wear armour.
You are incapable of wielding weapons or throwing items.
Your paws allow you to move quietly. (Stealth)
You have sharp claws.
You have razor-sharp teeth.
You have supernaturally acute eyesight. (SInv)
You are carnivorous and can eat meat at any time.
You cover ground quickly.
You are covered in fur. (AC +1)
You have a slow metabolism.
Your sharp claws are effective at attacking unaware monsters.


Message History

This raw flesh tastes great.
HP restored.
There is a staircase leading out of the dungeon here.
A hobgoblin comes into view. It is wielding a +0 club.
Found 14 gold pieces.
A hobgoblin comes into view. It is wielding a +0 club.
A bat comes into view.
You miss the bat. The bat misses you.
You barely miss the bat. Your bite misses the bat. The bat misses you.
A goblin comes into view.
The hobgoblin shouts!
The goblin shouts!
You scratch the bat.
The bat is moderately wounded.
The bat misses you. The hobgoblin hits you with a +0 club.
You barely miss the bat. Your bite misses the bat.
The bat completely misses you.
A goblin comes into view.
The hobgoblin hits you with a +0 club.
Ouch! That really hurt!
You die...

##. ... ... ... ..
g..g .. ....... .....
.#..... ..... .......
#$...#######g......
..........@.g...#
#.........#..#.#
#......b.....#
#..............#
..###..............#
.............###.....
######.###### .#.#.
#...........### ...
...###...###...####


You could see 2 hobgoblins, 2 goblins and a bat.

Vanquished Creatures
  A dart slug (D:1)
  A rat (D:1)
2 creatures vanquished.

Notes
Turn   | Place    | Note
-------+----------+-------------------------------------------
     0 | D:1      | Descartes the Felid Air Elementalist began the quest for
                  | the Orb.
     0 | D:1      | Reached XP level 1. HP: 7/7 MP: 4/4
    40 | D:1      | Reached skill level 1 in Conjurations
    95 | D:1      | Slain by a hobgoblin

Levels and vault maps discovered:
D:1:      dpeg_arrival_central, layout_basic

Skill      XL: |  1 |
---------------+----+-----
Conjurations   | 1 |  1.0
Dodging        | |  2.7
Stealth        | |  2.8
Unarmed Combat | |  0.2
Spellcasting   | |  2.0
Air Magic      | |  2.7

Action                   || total
-------------------------++-------
Melee: Unarmed           ||    10
       Bite              ||     1
 Stab: Sleeping          ||     1
  Eat: Chunk             ||     3
Dodge: Dodged            ||     6
